 Dungeon Crawl Stone Soup version 0.21.1-1-g345015fe64 (webtiles) character file.

43 DildoBatman the Sneak (level 3, -2/29 HPs)
             Began as a Formicid Enchanter on Feb 25, 2018.
             Killed from afar by Natasha (9 damage)
             ... with a wand of flame (28)
             ... on level 1 of the Dungeon.
             The game lasted 00:03:16 (1981 turns).

DildoBatman the Sneak (Formicid Enchanter)          Turns: 1981, Time: 00:03:16

Health: -2/29      AC:  6    Str: 13    XL:     3   Next: 82%
Magic:  6/6        EV: 11    Int: 14    God:
Gold:   84         SH:  0    Dex: 11    Spells: 2/6 levels left

rFire    . . .     SeeInvis +   a - +1 dagger
rCold    . . .     Gourm    .   (no shield)
rNeg     . . .     Faith    .   e - +0 ring mail
rPois    .         Spirit   .   (helmet unavailable)
rElec    .         Reflect  .   (no cloak)
rCorr    .         Harm     .   l - +0 pair of gloves
MR       .....                  (no boots)
Stlth    ++........             (no amulet)
HPRegen  0.09/turn              (no ring)
MPRegen  0.10/turn              (no ring)

@: no status effects
A: permanent stasis, dig shafts and tunnels, four strong arms, antennae 3
a: Dig, Shaft Self


You were on level 1 of the Dungeon.
You were not hungry.

You visited 1 branch of the dungeon, and saw 2 of its levels.

You collected 84 gold pieces.

Inventory:

Hand Weapons
 a - a +1 dagger (weapon)
 b - a +0 mace
Armour
 e - a +0 ring mail (worn)
 l - a +0 pair of gloves (worn)
Jewellery
 n - an uncursed ring of poison resistance {unknown}
Scrolls
 d - a scroll of magic mapping {unknown}
 g - a scroll of immolation {unknown}
 j - a scroll of enchant armour {unknown}
 k - a scroll of teleportation {unknown}
 m - a scroll of identify {unknown}
Potions
 f - a potion of might {unknown}
 h - a potion of curing {unknown}
Books
 c - a book of Maledictions

   Spells                             Type                      Level
   a - Corona                         Hexes                        1
   b - Ensorcelled Hibernation        Hexes/Ice                    2
   c - Confuse                        Hexes                        3
   d - Tukima's Dance                 Hexes                        3
   e - Dazzling Spray                 Conjuration/Hexes            3
Comestibles
 v - 4 rations


   Skills:
 - Level 3.0 Fighting
 - Level 1.0 Short Blades
 * Level 0.6 Armour
 * Level 1.9 Dodging
 * Level 3.8 Stealth
 - Level 2.1 Spellcasting
 - Level 3.6 Hexes


You had 2 spell levels left.
You knew the following spells:

 Your Spells              Type           Power        Failure   Level  Hunger
a - Corona                Hex            ##.....      11%         1    #......
b - Confuse               Hex            ##......     32%         3    ###....


Dungeon Overview and Level Annotations

Branches:
Dungeon (2/15)

Altars:

Annotations:
D:1 Natasha


Innate Abilities, Weirdness & Mutations

You cannot be hasted, slowed, berserked, paralysed or teleported.
You can dig through walls and to a lower floor.
Your four strong arms can wield two-handed weapons with a shield.
You have a pair of large antennae on your head. (SInv)


Message History

Natasha mumbles some strange words.
The crimson imp hits you.
Natasha mumbles some strange words.
Natasha shimmers violently.
Natasha claws you but does no damage. The crimson imp completely misses you.
The shadow imp hits you but does no damage.
Natasha zaps a wand.
The puff of flame hits you!
The crimson imp hits you but does no damage.
The shadow imp hits you.
You climb upwards.
The crimson imp disappears in a puff of smoke!
The shadow imp disappears in a puff of smoke!
There is a stone staircase leading down here.
You extend your mandibles.
You dig through the rock wall.
Natasha zaps a wand.
The puff of flame hits you!
You die...

##########
#........#
#[.(.....#
#........#
###........#
#........(.#
#.#........#
#.#........# ###
##.#........####@#
..............h>##
##.#........#####
...#.##.#####
...#.##.####
...#.......#
...####.####
........#
..####.)#####


You could see Natasha.

Vanquished Creatures
  A worm (D:1)
  2 leopard geckos
  2 ball pythons (D:1)
  2 giant cockroaches (D:1)
  7 hobgoblins
  A kobold (D:1)
  6 bats
  3 frilled lizards
  6 goblins (D:1)
  5 rats
35 creatures vanquished.

Notes
Turn   | Place    | Note
-------+----------+-------------------------------------------
     0 | D:1      | DildoBatman the Formicid Enchanter began the quest for the Orb.
     0 | D:1      | Reached XP level 1. HP: 13/13 MP: 3/3
   161 | D:1      | Reached skill level 1 in Fighting
   220 | D:1      | Reached XP level 2. HP: 9/21 MP: 3/5
   989 | D:1      | Reached XP level 3. HP: 28/28 MP: 4/6
  1019 | D:1      | Learned a level 3 spell: Confuse
  1698 | D:2      | Noticed Natasha
  1981 | D:1      | Killed from afar by Natasha

Skill      XL: |  1  2  3 |
---------------+----------+-----
Fighting       | 1 2 3 |  3.0
Short Blades   | |  1.0
Armour         | |  0.6
Dodging        | |  1.9
Stealth        | |  3.8
Spellcasting   | |  2.1
Hexes          | |  3.6

Action                   || total
-------------------------++-------
Melee: Dagger            ||   127
       Mace              ||     9
 Cast: Corona            ||    30
 Abil: Dig               ||     2
 Stab: Sleeping          ||     3
  Eat: Chunk             ||     4
Armor: Robe              ||     5
       Ring mail         ||    39
Dodge: Dodged            ||    81
